Map: Tropical Sacrifice

Players

A.I. 1 (Very Easy) - Winner!

  • Race: Terran Terran
  • Spawn Location: 1:00

Kerfuffle

  • Race: Protoss Protoss
  • League: Grandmaster
  • Spawn Location: 7:00

VOD

Have the link to the VOD?

Description

Time

  • Played on: Nov. 23, 2022, 2:44 p.m.
  • Length: 4:39
Show
View Real Time Build Order
Export as new Build Order

A.I. 1 (Very Easy) Terran - Winner!

Build Orders: Reaper Expand 

Get SALT Encoding   

  12  0:00  SCV  
  13  0:13  SCV  
  14  0:20  Supply Depot  
  14  0:46  Barracks  
  14  1:07  Command Center  
  14  1:33  Orbital Command, Supply Depot, Marine  
  14  1:38  Refinery  
  15  1:50  Refinery  
  15  1:59  SCV  
  16  2:11  SCV  
  17  2:17  Reaper  
  18  2:23  SCV  
  18  2:24  SCV  
  20  2:35  SCV  
  21  2:39  SCV  
  22  2:47  SCV  
  23  2:53  SCV  
  23  2:54  Refinery  
  24  3:00  SCV  
  24  3:02  Marine  
  26  3:07  SCV  
  27  3:14  SCV  
  28  3:20  Factory  
  28  3:22  SCV  
  29  3:45  SCV, Refinery  
  30  3:48  Marine  
  30  3:52  SCV  
  32  3:57  Supply Depot  
  32  3:59  SCV  
  33  4:04  Starport  
  33  4:07  SCV  
  34  4:14  SCV  
  35  4:21  SCV  
  35  4:34  Supply Depot  
Show
View Real Time Build Order
Export as new Build Order

Kerfuffle Protoss 

Build Orders: 1 Gate Expand, Oracle Opening 

Get SALT Encoding   

  12  0:00  Probe  
  13  0:12  Probe  
  14  0:19  Pylon  
  14  0:24  Probe  
  15  0:37  Gateway, Probe (Chrono Boost)  
  16  0:43  Assimilator  
  16  0:49  Probe (Chrono Boost)  
  17  0:55  Probe (Chrono Boost)  
  18  1:03  Probe (Chrono Boost)  
  19  1:14  Probe (Chrono Boost)  
  20  1:18  Probe (Chrono Boost)  
  20  1:25  Cybernetics Core  
  21  1:38  Nexus  
  21  1:45  Pylon  
  21  1:50  Assimilator  
  21  1:53  Probe  
  22  2:02  Adept (Chrono Boost)  
  22  2:05  Probe  
  25  2:17  Probe  
  25  2:18  Stargate  
  26  2:23  Adept  
  26  2:29  Probe  
  29  2:30  Warp Gate (Chrono Boost)  
  29  2:41  Probe  
  30  2:50  Probe  
  31  2:53  Probe  
  32  2:59  Oracle (Chrono Boost)  
  32  3:02  Probe  
  32  3:05  Gateway  
  36  3:07  Probe  
  36  3:11  Gateway  
  37  3:17  Probe  
  37  3:19  Probe  
  39  3:29  Oracle (Chrono Boost)  
  39  3:30  Probe  
  39  3:31  Probe  
  44  3:40  Pylon  
  44  3:42  Probe  
  44  3:43  Probe  
  44  3:48  Pylon  
  46  3:58  Probe x2  
  48  4:04  Oracle (Chrono Boost)  
  51  4:10  Probe  
  51  4:11  Adept  
  51  4:12  Adept x2  
  58  4:17  Pylon  
  58  4:26  Nexus  
  58  4:36  Adept x3  
Tags
 
Add a new tag
Caveats
  • Supply blocks, unpowered buildings, or Contaminate may cause inaccurate times.
  • Supply counts are checked every 10 seconds.